cohdb
Replays
Latest Replays
All Replays
Popular Replays
Top Player Replays
Match Explorer
How It Works
Community
CoH3 Stats
Reddit
Sign in to upload your games and track your stats! →
Sign in with Steam
Match 43210609
Unlisted
Match 43210609
Overview
Messages
Build Orders
End
Selects Special Operations Battlegroup
Selects M29 Weasel Recon Vehicle
M29 Weasel Recon Vehicle
Construct Weapon Support Center
M1919 Machine Gun Team
Engineer Squad
Bazooka Squad
Infantry Support Center
.30 cal Machine Gun
M3 Armored Personnel Carrier
Forward Retreat Point
Mortar Pit
Selects Raiding Flares
Advanced Logistics
.30 cal Machine Gun
Construct Tank Depot
Selects SSF Commando Squad
SSF Commando Squad
M18 Hellcat Tank Destroyer
SSF Commando Squad
Selects P-47 Anti-Infantry Loiter
Selects UNKNOWN (2162291)
M4A1 Sherman Whizbang
P-47 Anti-Infantry Loiter
剩者为王
米浴
JT
只出曲线
Sgt wiggumZ
Rummel
raven182
.
0
0
Comments
sign in to comment!
No comments posted yet!